 Dungeon Crawl Stone Soup version 0.18.1-50-g88ac8fd (webtiles) character file.

99 ololoev the Firebug (level 4, 0/24 HPs)
             Began as a Deep Elf Fire Elementalist on Nov 3, 2016.
             Shot with a stone by a goblin (6 damage)
             ... on level 3 of the Dungeon.
             The game lasted 00:04:19 (405 turns).

ololoev the Firebug (Deep Elf Fire Elementalist)     Turns: 405, Time: 00:04:20

Health: 0/24       AC:  3    Str:  5    XL:     4   Next: 45%
Magic:  3/12       EV: 13    Int: 21    God:
Gold:   75         SH:  4    Dex: 15    Spells: 4 memorised, 0 levels left

rFire  . . .     SeeInvis .     c - bread ration
rCold  . . .     Gourm    .     a - +0 robe
rNeg   . . .     Faith    .     (no shield)
rPois  .         Spirit   .     (no helmet)
rElec  .         Dismiss  .     (no cloak)
rCorr  .         Reflect  +     l - +0 pair of gloves
SustAt .         Harm     .     (no boots)
MR     +....                    m - +4 amulet of reflection
Stlth  +.........               k - ring of loudness (curse)
                                e - ring of protection from magic

@: somewhat resistant to hostile enchantments, very unstealthy
A: no striking features
a: no special abilities

Inventory:

Armour
 a - a +0 robe (worn)
 l - a +0 pair of gloves (worn)
Jewellery
 e - a ring of protection from magic (left hand)
 k - a cursed ring of loudness (right hand)
 m - a +4 amulet of reflection (around neck)
Scrolls
 d - a scroll of amnesia {unknown}
 i - a scroll of teleportation {unknown}
Potions
 g - a potion of might {unknown}
 h - a potion of degeneration {unknown}
 j - a potion of agility {unknown}
 n - a potion of curing {unknown}
Books
 b - a book of Flames

   Spells                             Type                      Level
   a - Flame Tongue                   Conjuration/Fire             1
   b - Throw Flame                    Conjuration/Fire             2
   c - Conjure Flame                  Conjuration/Fire             3
   d - Inner Flame                    Hexes/Fire                   3
   e - Sticky Flame                   Conjuration/Fire             4
   f - Fireball                       Conjuration/Fire             5
Comestibles
 c - a bread ration (in hand)
 f - a meat ration


   Skills:
 - Level 2.4 Dodging
 - Level 2.4 Stealth
 + Level 4.2 Spellcasting
 + Level 3.0 Conjurations
 + Level 4.2 Fire Magic


You couldn't memorise any spells.
You knew the following spells:

 Your Spells              Type           Power        Failure   Level  Hunger
a - Flame Tongue          Conj/Fire      ###..        2%          1    None
b - Conjure Flame         Conj/Fire      ###.....     10%         3    ###....
c - Sticky Flame          Conj/Fire      ###.....     28%         4    ####...
e - Inner Flame           Hex/Fire       ##......     17%         3    ###....


You were on level 3 of the Dungeon.
You were not hungry.

You visited 1 branch of the dungeon, and saw 3 of its levels.

You collected 75 gold pieces.

#####.......## #.#
............###.#
##...............######
...#.....#..##.......<#
#...........#...####.##
#.#.⌠.⌠.#.#.....###...#
#...........#...†......
#.#.....#..##.#.###...#
#...._@..^.##.#.# ##.##
#.#.....#..##.#.# #.#
#.........###.... ..#
...#.⌠.⌠.#.# ###.## ###
##....g....# #.#
#.#.....#.# #.#
#.K....... ...
#.###.### # ##.

Notes
Turn   | Place    | Note
--------------------------------------------------------------
     0 | D:1      | ololoev the Deep Elf Fire Elementalist began the quest for the Orb.
     0 | D:1      | Reached XP level 1. HP: 10/10 MP: 6/6
   126 | D:2      | Found a stormy altar of Qazlal.
   132 | D:2      | Reached XP level 2. HP: 15/15 MP: 5/8
   192 | D:2      | Reached XP level 3. HP: 19/19 MP: 0/10
   197 | D:2      | Learned a level 3 spell: Conjure Flame
   201 | D:2      | Learned a level 3 spell: Inner Flame
   341 | D:2      | Found a glowing golden altar of the Shining One.
   381 | D:3      | Noticed a scorpion
   388 | D:3      | Killed a scorpion
   388 | D:3      | Reached XP level 4. HP: 4/24 MP: 1/12
   390 | D:3      | Found a white marble altar of Elyvilon.
   398 | D:3      | Learned a level 4 spell: Sticky Flame
   405 | D:3      | Shot with a stone by a goblin

Dungeon Overview and Level Annotations

Branches:
Dungeon (3/15)

Altars:
Elyvilon
Qazlal
The Shining One


Message History

Casting: Flame Tongue
Confirm with . or Enter, or press ? or * to list all spells.
Aiming: Flame Tongue
Press: ? - help, Shift-Dir - straight line, f/p - worm
Aim: a worm (severely wounded)
The flame tongue hits the worm.
The worm appears unharmed.
The worm is severely wounded.
Casting: Flame Tongue
Confirm with . or Enter, or press ? or * to list all spells.
Aiming: Flame Tongue
Press: ? - help, Shift-Dir - straight line, f/p - worm
Aim: a worm (severely wounded)
The flame tongue hits the worm.
The worm is almost dead.
The worm bites you!
Casting: Flame Tongue
Confirm with . or Enter, or press ? or * to list all spells.
Aiming: Flame Tongue
Press: ? - help, Shift-Dir - straight line, f/p - worm
Aim: a worm (severely wounded)
The flame tongue hits the worm.
You kill the worm!
Found a glowing puce potion.
You see here a worm corpse.
n - a glowing puce potion A scorpion comes into view.
Casting: Flame Tongue
Confirm with . or Enter, or press ? or * to list all spells.
Aiming: Flame Tongue
Press: ? - help, Shift-Dir - straight line, f - scorpion
Aim: a scorpion (resting)
The flame tongue hits the scorpion.
The scorpion is moderately wounded.
Casting: Flame Tongue
Confirm with . or Enter, or press ? or * to list all spells.
Aiming: Flame Tongue
Press: ? - help, Shift-Dir - straight line, f/p - scorpion
Aim: a scorpion (moderately wounded)
The flame tongue hits the scorpion.
The scorpion is moderately wounded.
Casting: Flame Tongue
Confirm with . or Enter, or press ? or * to list all spells.
Aiming: Flame Tongue
Press: ? - help, Shift-Dir - straight line, f/p - scorpion
Aim: a scorpion (moderately wounded)
The flame tongue hits the scorpion.
The scorpion is heavily wounded.
The scorpion barely misses you.
Casting: Flame Tongue
Confirm with . or Enter, or press ? or * to list all spells.
Aiming: Flame Tongue
Press: ? - help, Shift-Dir - straight line, f/p - scorpion
Aim: a scorpion (heavily wounded)
The flame tongue hits the scorpion.
The scorpion is almost dead.
The scorpion stings you.
Casting: Flame Tongue
Confirm with . or Enter, or press ? or * to list all spells.
Aiming: Flame Tongue
Press: ? - help, Shift-Dir - straight line, f/p - scorpion
Aim: a scorpion (almost dead)
The flame tongue hits the scorpion.
You kill the scorpion!
Your Spellcasting skill increases to level 4!
Your Conjurations skill increases to level 3!
Your Fire Magic skill increases to level 4!
You have reached level 4!
You feel clever.
Found a white marble altar of Elyvilon.
A goblin comes into view. It is wielding a club.
This spell is quite dangerous to cast!
Memorise Sticky Flame, consuming 4 spell levels and leaving 0?
You start memorising the spell.
You continue memorising. x4
You finish memorising.
Spell assigned to 'c'.
Found an escape hatch in the floor.
The goblin shouts!
A kobold comes into view. It is wielding a short sword.
The goblin unwields an uncursed club.
The goblin wields a hunting sling.
The goblin shoots a stone.
The stone hits you.
You die...

You could see a goblin and a kobold (wandering).

Vanquished Creatures
  A scorpion (D:3)
  3 adders (D:2)
  2 worms
  2 giant cockroaches (D:2)
  A hobgoblin (D:2)
  A jackal (D:1)
  4 kobolds
  3 rats
17 creatures vanquished.

Action                   |  1- 3 |  4- 6 || total
-------------------------+-------+-------++-------
 Cast: Flame Tongue      |    40 |     1 ||    41
  Use: Potion            |     1 |       ||     1
Armor: Robe              |     1 |       ||     1
Dodge: Dodged            |    10 |       ||    10

Vault maps used:
D:1:      ncdulo_lavacross
D:2:      nicolae_overflow_hidden_temple, overflow_temple_1_default,
          grunt_qazlal_clouds, nicolae_gozag_cash_rules_everything_around_me,
          nicolae_overflow_crystal_walls, first_bread
D:3:      gup_sewer_entry_spiral, elyvilon_altar_5
